 Dungeon Crawl Stone Soup version 0.31-a0-175-g9f7f995f2b (webtiles) character file.

Game seed: 8790902047597427210

2778 Zonian the Covert (level 9, -7/50 HPs)
             Began as a Vine Stalker Gladiator on June 17, 2023.
             Was an Elder of Uskayaw.
             Mangled by Amaemon
             ... wielding a -1 demon whip of venom
              (13 damage)
             ... on level 8 of the Dungeon.
             The game lasted 00:20:05 (7417 turns).

Zonian the Covert (Vine Stalker Gladiator)          Turns: 7417, Time: 00:20:05

Health: -7/50      AC:  7    Str: 20    XL:     9   Next: 70%
Magic:  0/10       EV: 13    Int:  8    God:    Uskayaw [****..]
Gold:   300        SH:  0    Dex: 23    Spells: 8/8 levels left

rFire   . .          .
                       - Unarmed
rCold   . . .        (no shield)
rNeg    . . .        c - +1 leather armour "Nazxesel" {Regen+ rCorr}
rPois   .            b - +1 helmet
rElec   .            (no cloak)
rCorr   +            (no gloves)
SInv    .            E - +0 pair of boots
Will    +....        z - amulet of regeneration
Stlth   ++++         o - +6 ring of dexterity
HPRegen 2.68/turn    (no ring)
MPRegen 0.12/turn

%: guardian spirit
@: lethally poisoned (-7 -> -7)
A: fangs 3, regeneration 1, magic shield, antimagic bite, no potion heal 2
a: Renounce Religion, Stomp, Line Pass


You were on level 8 of the Dungeon.
You worshipped Uskayaw.
Uskayaw was noncommittal.
You visited 2 branches of the dungeon, and saw 9 of its levels.

You collected 554 gold pieces.
You spent 254 gold pieces at shops.

Inventory:

Hand Weapons
 t - a +3 falchion of electrocution
Missiles
 g - 12 boomerangs
 j - 10 poisoned darts
Armour
 a - a +0 leather armour
 b - a +1 helmet (worn)
 c - the +1 leather armour "Nazxesel" (worn) {Regen+ rCorr}
   (You bought it in a shop on level 3 of the Dungeon)

   Regen:     It increases your rate of health regeneration.
   rCorr:     It protects you from acid and corrosion.
 E - a +0 pair of boots (worn)
Jewellery
 i - a ring of fire
 o - a +6 ring of dexterity (left hand)
 z - an amulet of regeneration (around neck)
 G - a ring of resist corrosion
Wands
 d - a wand of flame (14)
 x - a wand of charming (8)
Scrolls
 e - a scroll of enchant weapon
 k - a scroll of silence {unknown}
 m - a scroll of vulnerability
 n - a scroll of revelation
 y - a scroll of teleportation
 B - a scroll of blinking {unknown}
 D - a scroll of fear {unknown}
Potions
 f - 3 potions of enlightenment
 h - 3 potions of mutation
 l - 2 potions of curing
 p - 3 potions of degeneration
 q - a potion of haste
 r - 2 potions of lignification
 s - a potion of resistance
 u - a potion of invisibility
 v - a potion of might
 w - a potion of cancellation
 A - a potion of heal wounds
 C - 2 potions of magic


   Skills:
 + Level 7.0 Fighting
 - Level 2.6 Throwing
 - Level 3.0 Dodging
 - Level 9.1 Stealth
 + Level 8.0 Unarmed Combat
 + Level 0.1 Invocations
 + Level 0.1 Evocations


You had 8 spell levels left.
You didn't know any spells.
Your spell library contained the following spells:

 Spells                   Type           Power      Damage    Failure   Level
 Sandblast                Erth           0%         2d4       45%         1
 Passwall                 Tmut/Erth      0%         N/A       61%         2
 Sublimation of Blood     Necr           0%         N/A       61%         2
 Wereblood                Tmut           0%         N/A       61%         2
 Dazzling Flash           Conj/Hex       0%         N/A       83%         3
 Inner Flame              Hex/Fire       0%         N/A       83%         3
 Mephitic Cloud           Conj/Pois/Air  0%         N/A       83%         3
 Stone Arrow              Conj/Erth      0%         3d7       83%         3
 Volatile Blastmotes      Fire/Tloc      0%         2d10      83%         3
 Cause Fear               Hex            0%         N/A       99%         4
 Flame Wave               Conj/Fire      0%         2d4       99%         4
 Iskenderun's Mystic Bla  Conj/Tloc      0%         2d3       99%         4
 Sticky Flame             Conj/Fire      0%         2d3       99%         4
 Starburst                Conj/Fire      0%         6d3       100%        6
 Dragon Form              Tmut           0%         N/A       100%        7
 Summon Hydra             Summ           0%         N/A       100%        7
 Ignition                 Fire           0%         3d3       100%        8
 Dragon's Call            Summ           0%         N/A       100%        9


Dungeon Overview and Level Annotations

Branches:
Dungeon (8/15)             Temple (1/1) D:7
   Lair: D:8-11

Altars:
Ashenzari
Cheibriados
Dithmenos
Elyvilon
Gozag
Hepliaklqana
Kikubaaqudgha
Makhleb
Nemelex Xobeh
Okawaru
Qazlal
Ru
Sif Muna
Trog
Uskayaw
Vehumet
Wu Jian
Xom
Yredelemnul
Zin
The Shining One

Shops:
D:3 ((=![   D:6 (

Annotations:
D:8 Amaemon


Innate Abilities, Weirdness & Mutations

You have razor-sharp teeth.
Your natural rate of healing is unusually fast.
When hurt, damage is shared between your health and your magic reserves.
Your bite disrupts and absorbs the magic of your enemies.
Potions cannot restore your health.


Message History

The scorpion disappears in a puff of smoke!
The orange demon stings you but does no damage.
Amaemon hits you with a -1 demon whip of venom.
You are more poisoned.
Amaemon claws you but does no damage. Amaemon closely misses you.
You hit Amaemon but do no damage.
Amaemon is heavily wounded.
You feel very sick. The orange demon closely misses you.
Amaemon closely misses you. Amaemon barely misses you.
Amaemon tail-slaps you but does no damage.
You catch the helpless Amaemon completely off-guard!
You punch Amaemon! Your bite misses Amaemon.
Amaemon is severely wounded.
You feel very sick. The orange demon stings you from afar!
* * * LOW HITPOINT WARNING * * *
Amaemon barely misses you. Amaemon claws you!
* * * LOW HITPOINT WARNING * * *
Amaemon closely misses you.
Uskayaw will force your foes to share their pain.
Uskayaw links your audience in an emotional bond!
You completely miss Amaemon. You bite Amaemon, but do no damage.
Amaemon is severely wounded.
You feel sick. The orange demon barely misses you.
Aiming: Bolt of Light
Press: ? - help, Shift-Dir - straight line, f/p - Amaemon
Aim: Amaemon, wielding a -1 demon whip of venom (severely wounded, wandering, blind, sharing his pain, magic disrupted, hasn't noticed you, 64% to hit)
The bolt of light hits Amaemon!
Amaemon is severely wounded.
The now-empty wand crumbles to dust.
You feel very sick. The orange demon stings you from afar!
* * * LOW HITPOINT WARNING * * *
You catch the helpless Amaemon completely off-guard!
You hit Amaemon.
Amaemon is severely wounded.
You feel sick.
Amaemon hits you with a -1 demon whip of venom!
You die...

##........## .
.........≈5 ..
###......≈ .##
........# 4.#[
#.o..## 5..4$
#.4...#≈44.#)
#......≈≈5.##
#######
#####4#.#..≈5~45
......##
##..@6...#..##~~4
#####.##.
##...##.###.## ~
#.#..<##.....#.#
.# #.#
...........# ..
#.# ###.....### ##
#.# ##...## #.#
##.## #.########.#
#.......##.#######


You could see Amaemon (blind, pain bonded, magic disrupted) and an orange demon
(curare, pain bonded).

Vanquished Creatures
  Grinder (D:5)
  Prince Ribbit (D:5)
  3 water moccasins
  An orc warrior (D:8)
  A sky beast (D:7)
  A black bear (D:6)
  An ice beast (D:7)
  An ogre (D:5)
  A centaur (D:7)
  A phantom (D:5)
  A kobold brigand (D:8)
  3 scorpions
  6 wights
  3 killer bees (D:8)
  5 hounds
  3 jellies
  6 iguanas
  A sleepcap (D:6)
  4 orc wizards
  9 gnolls
  4 adders
  3 white imps
  An ufetubus (D:5)
  4 worms
  4 dart slugs
  13 orcs
  2 bats (D:3)
  5 endoplasms
  3 giant cockroaches
  5 goblins
  8 hobgoblins
  5 jackals
  9 quokkas
  7 ball pythons
  3 frilled lizards
  11 kobolds
  4 rats
144 creatures vanquished.

Notes
Turn   | Place    | Note
-------+----------+-------------------------------------------
     0 | D:1      | Zonian the Vine Stalker Gladiator began the quest for the
                  | Orb.
     0 | D:1      | Reached XP level 1. HP: 11/11 MP: 2/2
   166 | D:1      | Reached XP level 2. HP: 13/15 MP: 3/3
   518 | D:2      | Found a shimmering altar of Xom.
   532 | D:2      | Reached XP level 3. HP: 18/18 MP: 4/4
  1381 | D:3      | Found a faded altar of an unknown god.
  1395 | D:3      | Gained mutation: Your natural rate of healing is unusually
                  | fast. [Vine Stalker growth]
  1395 | D:3      | Reached XP level 4. HP: 22/23 MP: 5/5
  1423 | D:3      | Found Vymek's Antique Armour Emporium.
  1570 | D:3      | Found Koajesho's Antique Weapon Shop.
  1584 | D:3      | Found Loudweu's Weapon Shoppe.
  1729 | D:3      | Found a snail-covered altar of Cheibriados.
  1766 | D:3      | Found Biodaosk's Distillery.
  1769 | D:3      | Bought a potion of curing for 33 gold pieces
  1769 | D:3      | Bought a potion of invisibility for 88 gold pieces
  1847 | D:3      | Found Beruunk's Jewellery Emporium.
  2081 | D:3      | Found a bloodstained altar of Trog.
  2182 | D:4      | Reached skill level 1 in Stealth
  2182 | D:4      | Reached XP level 5. HP: 16/27 MP: 6/6
  2367 | D:4      | Reached skill level 2 in Stealth
  2624 | D:4      | Reached XP level 6. HP: 22/32 MP: 7/7
  2729 | D:4      | Got the Incunable of Unclean Accelerants
  2999 | D:4      | Reached skill level 3 in Stealth
  3200 | D:4      | Reached XP level 7. HP: 37/37 MP: 8/8
  3360 | D:5      | Entered Level 5 of the Dungeon
  3372 | D:5      | Noticed Prince Ribbit
  3577 | D:5      | Reached skill level 4 in Stealth
  3592 | D:5      | Reached skill level 5 in Unarmed Combat
  3593 | D:5      | Noticed Grinder
  4139 | D:5      | Killed Grinder
  4140 | D:5      | Reached skill level 5 in Stealth
  4203 | D:3      | Bought a bloodstained leather armour for 133 gold pieces
  4203 | D:3      | Identified the +1 leather armour "Nazxesel" {Regen+ rCorr}
                  | (You bought it in a shop on level 3 of the Dungeon)
  4461 | D:5      | Gained mutation: You have razor-sharp teeth. [Vine Stalker
                  | growth]
  4461 | D:5      | Reached XP level 8. HP: 42/42 MP: 9/9
  4484 | D:5      | Reached skill level 5 in Fighting
  4562 | D:5      | Killed Prince Ribbit
  4563 | D:5      | Reached skill level 6 in Stealth
  5190 | D:5      | Reached skill level 7 in Stealth
  5889 | D:6      | Found Xaokaoll's Antique Weapon Boutique.
  6047 | D:6      | Found a stormy altar of Qazlal.
  6130 | D:7      | Reached XP level 9. HP: 40/48 MP: 8/10
  6156 | D:7      | Found a staircase to the Ecumenical Temple.
  6183 | Temple   | Entered the Ecumenical Temple
  6351 | D:7      | Found a hide-covered altar of Uskayaw.
  6361 | D:7      | Reached skill level 8 in Stealth
  6383 | D:7      | Became a worshipper of Uskayaw the Reveller
  6432 | D:7      | Reached * piety under Uskayaw
  6435 | D:7      | Reached ** piety under Uskayaw
  6437 | D:7      | Reached *** piety under Uskayaw
  6442 | D:7      | Reached **** piety under Uskayaw
  6633 | D:7      | Found a broken altar of Ashenzari.
  7063 | D:8      | Reached skill level 9 in Stealth
  7069 | D:8      | Reached ***** piety under Uskayaw
  7078 | D:8      | Noticed an ice devil
  7082 | D:8      | Noticed an ice devil
  7083 | D:8      | Noticed an ice devil
  7186 | D:8      | Noticed Amaemon
  7292 | D:8      | Noticed an ice devil
  7292 | D:8      | Noticed an ice devil
  7391 | D:8      | Noticed an orange demon
  7417 | D:8      | Mangled by Amaemon

Illustrated notes

Levels and vault maps discovered:
D:1:      dpeg_arrival_pits, layout_rooms, reono_crystal_passage
D:2:      wad_woods_stonehenge, layout_rooms, nicolae_elevator_lobby_asterisk
D:3:      layout_basic, nicolae_overflow_hidden_temple, slow_altar_2,
          serial_shops, nicolae_shop_just_a_little_nook, shop,
          nicolae_shop_behind_doors, shop, nicolae_shop_window_shopping,
          hellmonk_ecumenical_altar_blasted
D:4:      minmay_chambers_of_fours, layout_loops_corners
D:5:      layout_rooms, chequers_serial_rivers_small_a, minmay_misc_feat_roman,
          uniq_prince_ribbit1, uniq_grinder
D:6:      layout_basic, nicolae_qazlal_eye_of_the_storm, serial_shops, shop,
          supply_closet_lemuel, st_stairs_13
D:7:      layout_loops_cross, mainiacjoe_overflow_catwalk,
          nicolae_ashenzari_skybound, minmay_temple_entry_slanted
D:8:      cheibrodos_frozen_isle, layout_loops_ring, uniq_amaemon, uniq_pikel
Temple:   regret_index_temple_waves

Skill      XL: |  1  2  3  4  5  6  7  8  9 |
---------------+----------------------------+-----
Throwing       | 2 |  2.6
Fighting       | 2 3 4 6 7 |  7.0
Dodging        | 3 |  3.0
Stealth        | 1 2 3 5 7 9 |  9.1
Unarmed Combat | 4 5 7 8 |  8.0
Invocations    | |  0.1
Evocations     | |  0.1

Action                     |  1- 3 |  4- 6 |  7- 9 || total
---------------------------+-------+-------+-------++-------
  Melee: Unarmed           |   125 |   151 |   272 ||   548
         Bite              |    28 |    54 |    84 ||   166
         Punch             |     2 |     5 |    10 ||    17
  Throw: Throwing net      |       |     1 |     3 ||     4
         Boomerang         |       |       |     3 ||     3
         Dart              |       |       |     2 ||     2
         Javelin           |       |       |     1 ||     1
  Evoke: Wand              |       |       |     4 ||     4
    Use: Scroll            |       |     6 |    13 ||    19
         Potion            |       |       |     3 ||     3
   Stab: Sleeping          |       |     8 |     5 ||    13
         Distracted        |       |       |     1 ||     1
         Paralysed         |       |       |     7 ||     7
         Invisible         |       |       |     3 ||     3
 Armour: Leather armour    |    29 |    24 |    75 ||   128
  Dodge: Dodged            |    68 |    85 |   179 ||   332

Table legend: (Time is in decaauts)
 A = Elapsed time spent in this place.
 B = Non-inter-level travel time spent in this place.
 C = Inter-level travel time spent in this place.
 D = Time resting spent in this place.
 E = Time spent auto-exploring this place.
 F = Levels seen in this place.
 G = Mean time per level.
                   A        B        C        D        E       F      G
               +--------+--------+--------+--------+--------+-----+--------+
         Total |   7361 |   6996 |    365 |   1273 |   4017 |   9 |  817.9 |
       Dungeon |   7227 |   6916 |    311 |   1273 |   3950 |   8 |  903.4 |
        Temple |    133 |     79 |     54 |      0 |     67 |   1 |  133.0 |
               +--------+--------+--------+--------+--------+-----+--------+

Top non-repeatable levels by time:
     D:5: 1616 daAuts
     D:4: 1269 daAuts
     D:3: 990 daAuts
     D:2: 884 daAuts
     D:6: 831 daAuts
     D:7: 719 daAuts
     D:1: 479 daAuts
     D:8: 436 daAuts
  Temple: 133 daAuts
